[Event "Titled Tuesday Blitz June 28 Early 2022"]
[White "Liyanage, Ranindu Dilshan"]
[Black "Ozturk, Efe Hakan"]
[WhiteFideId "9915834"]
[BlackFideId "34550216"]
[WhiteElo "1858"]
[BlackElo "1924"]
[Result "0-1"]
[Round "02"]
[TimeControl "180+1"]
[Date "2022.06.28"]
[WhiteClock "0:00:22"]
[BlackClock "0:00:31"]

1. d4 b6 2. e4 Bb7 3. Bd3 e6 4. c4 Nf6 5. f3 d5 6. cxd5 exd5 7. e5 Nfd7 8. Ne2 c5 9. O-O cxd4 10. Nxd4 Bc5 11. Be3 Nxe5 12. Bb5+ Bc6 13. Qe2 O-O 14. Nc3 Bxb5 15. Ndxb5 Re8 16. Bxc5 bxc5 17. Qd2 d4 18. Ne4 Na6 19. Rac1 Qb6 20. Nbd6 Re6 21. Nc4 Nxc4 22. Rxc4 f5 23. Ng3 g6 24. Rfc1 Rae8 25. h4 Re3 26. b4 Nxb4 27. Rxc5 Nd3 28. Rc6 Qd8 29. Rf1 Qxh4 30. Nh1 Nf4 31. Nf2 Ne2+ 0-1


[Site "https://www.chess.com"]

[Event "Titled Tuesday Blitz June 28 Early 2022"]
[White "Lohani, Sujana"]
[Black "Hoffmann, Asa"]
[WhiteFideId "12311987"]
[BlackFideId "2001470"]
[WhiteElo "1691"]
[BlackElo "2117"]
[Result "1-0"]
[Round "02"]
[TimeControl "180+1"]
[Date "2022.06.28"]
[WhiteClock "0:00:01"]
[BlackClock "0:01:10"]

1. d4 Nf6 2. Nf3 d6 3. c4 c6 4. g3 Bf5 5. Bg2 h6 6. O-O Nbd7 7. Nc3 e5 8. dxe5 dxe5 9. Qb3 Qb6 10. Be3 Qxb3 11. axb3 Bc5 12. Bxc5 Nxc5 13. Nxe5 Nxb3 14. Ra3 Nc5 15. Nxc6 bxc6 16. Bxc6+ Ke7 17. Bxa8 Rxa8 18. Ra5 Bh3 19. Rfa1 Nfd7 20. Rxa7 Rb8 21. Nd5+ Ke6 22. Nf4+ Ke5 23. Nxh3 Rxb2 24. R1a2 Rb1+ 25. Kg2 g5 26. Rd2 Nf6 27. f4+ gxf4 28. Nxf4 Nfe4 29. Rd5+ Kf6 30. Nh5+ Ke6 31. Ra5 Rb2 32. Kf3 Ng5+ 33. Kg4 Nd7 34. Ng7+ Kf6 35. Nf5 Kg6 36. Rxd7 Rxe2 37. Ra6+ f6 38. Nh4# 1-0


[Site "https://www.chess.com"]

[Event "Titled Tuesday Blitz June 28 Early 2022"]
[White "Lucas, Arthur"]
[Black "Delorme, Alban"]
[WhiteFideId "26093073"]
[BlackFideId "623636"]
[WhiteElo "2129"]
[BlackElo "2197"]
[Result "1-0"]
[Round "02"]
[TimeControl "180+1"]
[Date "2022.06.28"]
[WhiteClock "0:00:11"]
[BlackClock "0:00:42"]

1. e4 c5 2. Nf3 d6 3. d4 cxd4 4. Qxd4 Nf6 5. h3 a6 6. Be2 Nc6 7. Qe3 g6 8. O-O h5 9. c4 Bh6 10. Qc3 Bxc1 11. Rxc1 O-O 12. Nbd2 Nd7 13. Rd1 Nde5 14. Nxe5 dxe5 15. Nf3 Qc7 16. b4 Be6 17. b5 Na5 18. Qxe5 Qxe5 19. Nxe5 Rac8 20. bxa6 bxa6 21. Rac1 Rc5 22. Nd7 Bxd7 23. Rxd7 Rfc8 24. Rxe7 Nxc4 25. Ra7 a5 26. f3 Na3 27. Rxc5 Rxc5 28. Kf2 Rc2 29. Rxa5 Rxa2 30. f4 Ra1 31. e5 Nc2 32. Rxa1 Nxa1 33. Ke3 Nc2+ 34. Ke4 Kg7 35. g4 hxg4 36. hxg4 Na1 37. Bc4 Nc2 38. Bb3 Na3 39. Kd4 Nb5+ 40. Kc4 Nc7 41. Kc5 Na6+ 42. Kb5 Nc7+ 43. Kc6 Na6 44. Kd6 Nb4 45. Ke7 Nd3 46. Bxf7 Nxf4 47. e6 Nd5+ 48. Kd8 Nf6 49. g5 Nd5 50. e7 Nxe7 51. Kxe7 Kh8 52. Bxg6 Kg7 53. Bh5 Kh7 54. Kf7 Kh8 55. Kf6 Kh7 56. Bg4 Kh8 57. Bf3 Kg8 58. Be2 Kf8 59. Bd1 Kg8 60. Kg6 Kf8 61. Kh7 Kf7 62. g6+ Ke6 63. g7 Ke5 64. g8=Q Ke4 65. Qg7 Ke3 66. Bh5 Kd3 67. Bf7 Kd2 68. Bg8 Kd3 69. Qe5 1-0


[Site "https://www.chess.com"]

[Event "Titled Tuesday Blitz June 28 Early 2022"]
[White "Madaminov, Mukhiddin"]
[Black "Suleymanli, Suleyman"]
[WhiteFideId "14210703"]
[BlackFideId "13416375"]
[WhiteElo "1916"]
[BlackElo "1598"]
[Result "1-0"]
[Round "02"]
[TimeControl "180+1"]
[Date "2022.06.28"]
[WhiteClock "0:01:42"]
[BlackClock "0:01:14"]

1. e4 e6 2. d4 d5 3. e5 c5 4. c3 Qb6 5. Nf3 Nc6 6. a3 c4 7. Nbd2 Na5 8. Be2 Bd7 9. Rb1 Ne7 10. b4 cxb3 11. Nxb3 Ba4 12. Nxa5 Bxd1 13. Rxb6 axb6 14. Bb5+ Kd8 15. Nxb7+ Kc7 16. Kxd1 Kxb7 17. Ng5 Nc6 18. Nxf7 Rg8 19. a4 Be7 20. f4 Rgf8 21. Nd6+ Bxd6 22. exd6 Rad8 23. Re1 Rf6 24. Ba3 Na7 25. g3 Nc8 26. d7 Na7 27. Be7 Rff8 28. Rxe6 Nxb5 29. axb5 Rh8 30. Bxd8 Rxd8 31. Rd6 Kc7 32. Rxd5 g6 33. Kd2 h6 34. Kd3 h5 35. h3 Kb7 36. g4 Kc7 37. c4 hxg4 38. hxg4 Kb7 39. c5 Kc7 40. Kc4 Kb7 41. c6+ Kc7 42. f5 gxf5 43. gxf5 Kb8 44. f6 Kc7 45. f7 Kb8 46. Re5 Ka7 47. Re8 Rxe8 48. fxe8=N 1-0


[Site "https://www.chess.com"]

[Event "Titled Tuesday Blitz June 28 Early 2022"]
[White "Maiorov, Nikita"]
[Black "Jubin Jimmy"]
[WhiteFideId "13501720"]
[BlackFideId "46686614"]
[WhiteElo "2417"]
[BlackElo "2219"]
[Result "0-1"]
[Round "02"]
[TimeControl "180+1"]
[Date "2022.06.28"]
[WhiteClock "0:00:01"]
[BlackClock "0:00:49"]

1. d4 Nf6 2. c4 e6 3. Nf3 Bb4+ 4. Bd2 Bxd2+ 5. Qxd2 d5 6. Nc3 O-O 7. e3 Qe7 8. cxd5 exd5 9. Bd3 c6 10. h3 Nbd7 11. Qc2 Re8 12. O-O Nf8 13. Rae1 Ng6 14. a3 Ne4 15. Nd2 f5 16. f4 Be6 17. Nf3 Nf8 18. Kh2 Nd7 19. Rg1 Kh8 20. g4 fxg4 21. hxg4 Ndf6 22. f5 Qd6+ 23. Ne5 Bd7 24. Bxe4 Rxe5 25. dxe5 Qxe5+ 26. Kh3 dxe4 27. Qh2 Qc5 28. Qf4 h5 29. Nxe4 hxg4+ 30. Kh2 Qc2+ 31. Nf2 Nh5 32. Qxg4 Qxf2+ 33. Rg2 Qxf5 34. Qxf5 Bxf5 35. Rg5 g6 36. e4 Be6 37. Rxg6 Bf7 38. Rd6 Re8 39. Rg1 Ng7 40. Rd7 Kg8 41. Rg4 b5 42. Rxa7 Kf8 43. Rf4 Re7 44. Ra8+ Ne8 45. Rc8 Re6 46. Kg3 Ke7 47. Ra8 Nf6 48. Ra7+ Ke8 49. Kf3 Bh5+ 50. Kg2 Nxe4 51. Rf5 Bg6 52. Ra8+ Ke7 53. Ra7+ Kd6 54. Rf8 Kc5 55. Rc8 Nd6 56. b4+ Kd5 0-1


[Site "https://www.chess.com"]

[Event "Titled Tuesday Blitz June 28 Early 2022"]
[White "Malyi, Viacheslav"]
[Black "Riehle, Marco"]
[WhiteFideId "14123983"]
[BlackFideId "12904392"]
[WhiteElo "2270"]
[BlackElo "2462"]
[Result "0-1"]
[Round "02"]
[TimeControl "180+1"]
[Date "2022.06.28"]
[WhiteClock "0:01:40"]
[BlackClock "0:01:50"]

1. e4 e5 2. Nf3 Nf6 3. Nxe5 Nxe4 4. Qe2 Qe7 5. Qxe4 d6 6. d4 dxe5 7. Qxe5 Qxe5+ 8. dxe5 Bf5 9. c3 Nd7 10. f4 O-O-O 11. Be3 f6 12. exf6 Re8 13. Kf2 Nxf6 14. Be2 Ne4+ 15. Kf1 Nxc3 16. Nxc3 Rxe3 17. Re1 Bb4 18. Rc1 c6 19. Bf3 Rd8 20. Kf2 Bc5 21. Kg3 Bb6 22. Rhd1 Rxd1 23. Rxd1 Bc7 24. Rd2 g5 25. Re2 Bxf4+ 26. Kf2 Rxe2+ 27. Kxe2 Bxh2 28. Ne4 g4 0-1


[Site "https://www.chess.com"]

[Event "Titled Tuesday Blitz June 28 Early 2022"]
[White "Manukian, Artak"]
[Black "Tifferet, Shaked"]
[WhiteFideId "13301373"]
[BlackFideId "2811529"]
[WhiteElo "2481"]
[BlackElo "2083"]
[Result "1/2-1/2"]
[Round "02"]
[TimeControl "180+1"]
[Date "2022.06.28"]
[WhiteClock "0:00:14"]
[BlackClock "0:00:06"]

1. e4 c5 2. Nf3 b6 3. d4 cxd4 4. Nxd4 Bb7 5. f3 Nc6 6. c4 e6 7. Nc3 Nxd4 8. Qxd4 Nf6 9. Bg5 Bc5 10. Bxf6 gxf6 11. Qd3 Ba6 12. O-O-O Rc8 13. Kb1 Qc7 14. Nb5 Bxb5 15. cxb5 Ke7 16. Be2 Rhd8 17. f4 Qxf4 18. Rhf1 Qxh2 19. Qf3 Qe5 20. Rh1 Rg8 21. Rxh7 Rg3 22. Qh5 Qxh5 23. Bxh5 Rf8 24. Bf3 Rfg8 25. a3 R8g7 26. Rdh1 Bd4 27. Rxg7 Rxg7 28. Rh8 f5 29. exf5 Rxg2 30. Bxg2 Bxh8 31. fxe6 dxe6 32. b3 Kd6 33. Kc2 Kc5 34. a4 f5 35. Bc6 e5 36. Bd7 f4 37. Kd3 Kb4 38. Be6 Bf6 39. Ke4 Kc3 40. Kf3 Kd4 41. Bf5 Be7 42. Be4 Bb4 43. Bc6 Bd2 44. Be4 Bc3 45. Bc6 Kc5 46. Ke4 Bd4 47. Kf3 Kb4 48. Bd5 Kc3 49. Ke4 Kd2 50. Kf3 Kc2 51. Ke4 Bb2 52. Kf3 Kc3 53. Ke4 Kb4 54. Kf3 Kc5 55. Be4 Kd4 56. Bc6 Bc1 57. Be4 Bd2 58. Bc6 Ba5 59. Be4 Kc5 60. Bc6 Bb4 61. Be4 Ba3 62. Bc6 Kd4 63. Be4 Bb2 64. Bc6 Kc5 65. Be4 Bc3 66. Bc6 a6 67. Ke4 axb5 68. axb5 Kb4 69. Bd5 Bd4 70. Kf3 Kc3 71. Ke4 Kd2 72. Kf3 Kc2 73. Ke4 Kc3 74. Kf3 Kb4 75. Ke4 Kxb5 76. Kf3 Kb4 77. Ke4 Kc5 78. Bc4 b5 79. Be6 Kb4 80. Kf3 Kc3 81. Bd5 Bc5 82. Ke4 Bd6 83. Kf3 Bb8 84. Ke4 Bc7 85. Kf3 Kd3 86. Be4+ Kd4 87. Bc6 Kc5 88. Be4 Kb4 89. Bd5 Bb8 90. Ke4 Kc3 91. Kf3 Kc2 92. Ke4 Kd2 93. Kf3 Bd6 94. Bc6 b4 95. Bd5 Kc3 96. Ke4 Kc2 97. Kf3 Kd3 98. Be4+ Kd4 99. Bc6 Bb8 100. Bb7 Kc5 101. Be4 Bd6 102. Bb7 Be7 103. Be4 Bf6 104. Bb7 Kb5 105. Bd5 Bg7 106. Ke4 Kc5 107. Bb7 Bh8 108. Ba8 Bg7 109. Bb7 Kd6 110. Ba8 Ke6 111. Bd5+ Kf6 112. Kf3 Kg5 113. Be4 Bf8 114. Bd5 Bc5 115. Be4 Bd4 116. Bd5 Kf5 117. Be4+ Ke6 118. Bc6 Kd6 119. Be4 Bc3 120. Bb7 Kc5 121. Ke4 Bb2 122. Ba8 Ba3 123. Bb7 Bb2 124. Ba8 Kd6 125. Bb7 Kc7 126. Bd5 Kd7 127. Bb7 Kd6 128. Ba8 Ke6 129. Bd5+ Kf6 130. Kf3 Kf5 131. Be4+ Ke6 132. Bb7 Bc1 133. Ke4 Kf6 134. Kf3 Bd2 135. Be4 Kg5 136. Bd5 Be3 137. Be4 Bd4 138. Bd5 Kf6 139. Be4 Ke6 140. Bb7 Kd6 141. Ke4 Kc7 142. Bd5 Kb6 143. Ba8 Bc3 144. Bd5 Kc5 1/2-1/2


[Site "https://www.chess.com"]

[Event "Titled Tuesday Blitz June 28 Early 2022"]
[White "Marin Ramirez, Gerardo"]
[Black "Jaskolka, Tomasz"]
[WhiteFideId "3901068"]
[BlackFideId "1170791"]
[WhiteElo "1920"]
[BlackElo "2073"]
[Result "1-0"]
[Round "02"]
[TimeControl "180+1"]
[Date "2022.06.28"]
[WhiteClock "0:00:22"]
[BlackClock "0:00:44"]

1. d4 e6 2. Nf3 f5 3. c4 Nf6 4. g3 Be7 5. Bg2 d6 6. Nc3 O-O 7. O-O Qe8 8. Qb3 Qh5 9. h3 Nc6 10. d5 Nd4 11. Nxd4 e5 12. Ne6 Bxe6 13. dxe6 Rab8 14. Nd5 Nxd5 15. cxd5 f4 16. g4 Qh4 17. Qd3 Rf6 18. f3 c6 19. Bd2 Bd8 20. Be1 Bb6+ 21. Bf2 h5 22. Rac1 hxg4 23. fxg4 Bxf2+ 24. Rxf2 c5 25. Rcf1 Kf8 26. e3 g5 27. exf4 gxf4 28. b4 b6 29. Rb1 Rc8 30. bxc5 Rxc5 31. Rbf1 Ke7 32. Rc2 Qh8 33. Rxc5 bxc5 34. Rb1 Qc8 35. Qb5 Rf8 36. Qb7+ Kf6 37. Qh7 Qa6 38. Rb7 Kg5 39. Qh5+ Kf6 40. Qf5# 1-0


[Site "https://www.chess.com"]

[Event "Titled Tuesday Blitz June 28 Early 2022"]
[White "Martinez Alcantara, Jose Eduardo"]
[Black "Jia, Haoxiang"]
[WhiteFideId "3805662"]
[BlackFideId "8602999"]
[WhiteElo "2703"]
[BlackElo "2624"]
[Result "1-0"]
[Round "02"]
[TimeControl "180+1"]
[Date "2022.06.28"]
[WhiteClock "0:01:55"]
[BlackClock "0:01:03"]

1. e4 c5 2. Nf3 d6 3. Bb5+ Bd7 4. Bxd7+ Qxd7 5. c4 Nc6 6. Nc3 g6 7. d4 cxd4 8. Nxd4 Bg7 9. Be3 Nf6 10. f3 O-O 11. Rc1 Rfc8 12. b3 Qd8 13. O-O Nd7 14. Nde2 Qa5 15. Qd2 a6 16. Rfd1 b5 17. Nd5 Qxd2 18. Rxd2 Kf8 19. cxb5 axb5 20. Rdc2 Nde5 21. Nb6 1-0


[Site "https://www.chess.com"]

[Event "Titled Tuesday Blitz June 28 Early 2022"]
[White "Matveeva, Olga"]
[Black "Nozdrachev, Leonid"]
[WhiteFideId "24107018"]
[BlackFideId "24113433"]
[WhiteElo "2052"]
[BlackElo "2129"]
[Result "0-1"]
[Round "02"]
[TimeControl "180+1"]
[Date "2022.06.28"]
[WhiteClock "0:00:20"]
[BlackClock "0:00:57"]

1. d4 d6 2. Nf3 f5 3. c4 g6 4. g3 Bg7 5. Bg2 e5 6. dxe5 dxe5 7. Qxd8+ Kxd8 8. O-O c6 9. e4 Kc7 10. exf5 Bxf5 11. Re1 Nd7 12. Nc3 Re8 13. Ng5 Nh6 14. Be3 Ng4 15. Rad1 Nxe3 16. Rxe3 Nc5 17. b4 Ne6 18. Nf7 Rhf8 19. Nxe5 Re7 20. f4 g5 21. Nf3 gxf4 22. gxf4 Bxc3 23. Rxc3 Nxf4 24. Nd4 Rd7 25. Re3 Rfd8 26. Re5 Bg4 27. Rf1 Rxd4 0-1


[Site "https://www.chess.com"]

[Event "Titled Tuesday Blitz June 28 Early 2022"]
[White "Melkumyan, Hrant"]
[Black "Guz, Ari"]
[WhiteFideId "13302485"]
[BlackFideId "2825759"]
[WhiteElo "2604"]
[BlackElo "1913"]
[Result "0-1"]
[Round "02"]
[TimeControl "180+1"]
[Date "2022.06.28"]
[WhiteClock "0:00:01"]
[BlackClock "0:00:08"]

1. Nf3 Nf6 2. e3 b6 3. c4 Bb7 4. Nc3 e6 5. b3 d5 6. Bb2 Nbd7 7. cxd5 exd5 8. g3 d4 9. Nb5 dxe3 10. fxe3 a6 11. Nc3 Nc5 12. d4 Nce4 13. Rc1 Nxc3 14. Bxc3 Ne4 15. Bb2 Bb4+ 16. Ke2 O-O 17. Bg2 Re8 18. Qc2 a5 19. a3 Ba6+ 20. Kd1 Bd2 21. Nxd2 Nf2+ 22. Ke1 Nd3+ 23. Kd1 Nf2+ 24. Ke1 Nd3+ 25. Kf1 Nxb2+ 26. Nc4 Nxc4 27. bxc4 Rxe3 28. Qf2 Re8 29. Bxa8 Qxa8 30. Kg1 Qd8 31. h4 Re4 32. d5 Bxc4 33. Rh2 Bxd5 34. Qd2 h6 35. Rf2 Qd6 36. Rc3 Qe5 37. Rd3 Re1+ 38. Rf1 Rxf1+ 39. Kxf1 Be4 40. Re3 Qf5+ 41. Kg1 Bc6 42. Qf2 Qg6 43. Qe1 Kh7 44. Qc3 Qb1+ 45. Re1 Qg6 46. h5 Qd6 47. Re3 Bd5 48. Qd3+ g6 49. hxg6+ fxg6 50. Qe2 Kg7 51. Qb2+ Qf6 52. Re7+ Bf7 53. Qxf6+ Kxf6 54. Rxc7 Bd5 55. Rd7 Ke5 56. Kf2 b5 57. Ra7 b4 58. a4 b3 59. Rxa5 Kd4 60. Ke1 b2 61. Rb5 Kc3 62. Rc5+ Bc4 63. Kf2 b1=Q 64. Re5 Qc2+ 65. Ke3 Qd2+ 66. Ke4 Qd4+ 67. Kf3 Qxe5 0-1


[Site "https://www.chess.com"]

[Event "Titled Tuesday Blitz June 28 Early 2022"]
[White "Meshkovs, Nikita"]
[Black "Cruz Ravina, Francisco Javier"]
[WhiteFideId "11602740"]
[BlackFideId "2228939"]
[WhiteElo "2506"]
[BlackElo "2571"]
[Result "0-1"]
[Round "02"]
[TimeControl "180+1"]
[Date "2022.06.28"]
[WhiteClock "0:00:18"]
[BlackClock "0:00:20"]

1. e4 d5 2. exd5 Nf6 3. Nc3 Nxd5 4. Bc4 Nb6 5. Bb3 Nc6 6. Nf3 Bf5 7. O-O e6 8. d3 Na5 9. Bg5 Be7 10. Bxe7 Qxe7 11. Nd4 Bg6 12. Qf3 Rd8 13. Nde2 Qc5 14. Nf4 O-O 15. Rfe1 a6 16. Nxg6 hxg6 17. Ne4 Qe5 18. Qh3 Nxb3 19. axb3 Nd5 20. Qh4 Qh5 21. Qxh5 gxh5 22. Nc5 b6 23. Nxa6 Ra8 24. g3 Rfc8 25. c4 Nf6 26. b4 c6 27. Ra3 Ra7 28. Kf1 Rd8 29. Ke2 Ng4 30. h3 Ne5 31. Rea1 Rad7 32. b5 cxb5 33. cxb5 Nxd3 34. Rb3 h4 35. gxh4 Nf4+ 36. Kf3 e5 37. Nb4 f5 38. Nc6 Rd3+ 39. Rxd3 Rxd3# 0-1


[Site "https://www.chess.com"]

[Event "Titled Tuesday Blitz June 28 Early 2022"]
[White "Mickiewicz, Piotr"]
[Black "Kanyamarala, Trisha"]
[WhiteFideId "1114891"]
[BlackFideId "45004722"]
[WhiteElo "2209"]
[BlackElo "2134"]
[Result "1-0"]
[Round "02"]
[TimeControl "180+1"]
[Date "2022.06.28"]
[WhiteClock "0:00:07"]
[BlackClock "0:00:10"]

1. e4 c5 2. Nf3 d6 3. d4 cxd4 4. Qxd4 Nc6 5. Bb5 Bd7 6. Qd3 a6 7. Bxc6 Bxc6 8. Nc3 e6 9. Bg5 Nf6 10. O-O-O Be7 11. Nd4 Rc8 12. f4 Qa5 13. Nb3 Qc7 14. Rhe1 b5 15. Bxf6 gxf6 16. Kb1 b4 17. Nd5 exd5 18. exd5 Bb5 19. Qe4 Kd8 20. Nd4 Ba4 21. b3 Bb5 22. Re3 Re8 23. Nxb5 axb5 24. Rde1 Qc5 25. Qf5 Rc7 26. R1e2 Qd4 27. Re1 Qc5 28. h4 Rd7 29. Qxh7 Rc7 30. Qf5 Qd4 31. h5 Rc3 32. Re4 Qd2 33. R4e2 Qd4 34. h6 Rg3 35. h7 Kc7 36. Rxe7+ Rxe7 37. Rxe7+ Kb6 38. Re1 Qd2 39. Qe4 Rxg2 40. Qe3+ Qxe3 41. Rxe3 Rg1+ 42. Kb2 Rh1 43. Re4 Rxh7 44. Rxb4 Rh5 45. a3 Rxd5 46. c4 Rd2+ 47. Kc3 Rf2 48. Rxb5+ Kc6 49. Rf5 Rf3+ 50. Kb4 Re3 51. Rxf6 Re7 52. f5 Rb7+ 53. Kc3 Ra7 54. Rh6 Rxa3 55. Rh7 Ra7 56. b4 Re7 57. Kd4 Rd7 58. f6 Ra7 59. b5+ Kb6 60. Kd5 Rd7 61. Rg7 Ka5 62. Kc6 Rd8 63. Kc7 Rf8 64. Kd7 Kb4 65. b6 Kxc4 66. b7 d5 67. Kc7 d4 68. b8=Q Rxb8 69. Kxb8 d3 70. Rxf7 d2 71. Rd7 Kc3 72. f7 Kc2 73. Rxd2+ Kxd2 74. f8=Q Kd3 75. Qf7 Kd4 76. Qd7+ Ke5 77. Kc7 Kf4 78. Kd6 Kg3 79. Ke5 Kh2 80. Kf4 Kh1 81. Qd2 Kg1 82. Kf3 Kh1 83. Qg2# 1-0


[Site "https://www.chess.com"]

[Event "Titled Tuesday Blitz June 28 Early 2022"]
[White "Mikhalsky, Vladimir"]
[Black "Timofeev, Artyom"]
[WhiteFideId "14144352"]
[BlackFideId "4140419"]
[WhiteElo "2301"]
[BlackElo "2578"]
[Result "0-1"]
[Round "02"]
[TimeControl "180+1"]
[Date "2022.06.28"]
[WhiteClock "0:00:07"]
[BlackClock "0:00:11"]

1. c4 e5 2. Nc3 Bb4 3. Nd5 Be7 4. g3 Nf6 5. Nxe7 Qxe7 6. Bg2 O-O 7. d4 exd4 8. Qxd4 Nc6 9. Qc3 h6 10. Nh3 d5 11. cxd5 Nxd5 12. Qd2 Rd8 13. O-O Ndb4 14. Qc3 Bxh3 15. Bxh3 Qxe2 16. Bf4 Nd5 17. Qd2 Nxf4 18. Qxf4 Nd4 19. Bg2 Qxb2 20. Qxc7 Rab8 21. a4 Rdc8 22. Qd6 Ne2+ 23. Kh1 Nc3 24. a5 b5 25. axb6 axb6 26. Ra7 Rf8 27. Qe5 Rbe8 28. Qd4 Rd8 29. Qc4 b5 30. Qc5 Rc8 31. Qd4 b4 32. Rb7 Rb8 33. Rxb8 Rxb8 34. Re1 Rf8 35. Bf1 Qc2 36. Qxb4 Nd1 37. f4 Nf2+ 38. Kg1 Ng4 39. Re2 Qd1 40. Qe1 Qd4+ 41. Kh1 h5 42. h3 Nf6 43. Bg2 Rb8 44. Rd2 Qc5 45. Qf2 Qc3 46. Kh2 Kh7 47. Rc2 Qb3 48. Rd2 g6 49. Qf3 Qb4 50. Re2 Kg7 51. g4 hxg4 52. hxg4 Rh8+ 53. Kg3 Qd6 54. Qe3 Re8 55. Qf3 Rb8 56. Qe3 Rb4 57. Qe5 Rb3+ 58. Kf2 Qxe5 59. fxe5 Nxg4+ 60. Ke1 Ne3 61. Bh3 Nd5 62. Bg2 Nf4 63. Rf2 Re3+ 64. Kd2 Nxg2 65. Rxg2 Rxe5 66. Kd3 g5 67. Kd4 f6 68. Ra2 Kg6 69. Ra8 g4 70. Rg8+ Kf5 71. Rf8 Re6 72. Rg8 Kf4 73. Kd3 f5 74. Kd2 Kf3 75. Kd3 f4 76. Kd4 g3 77. Kd5 Re1 78. Kd4 g2 79. Kd3 g1=Q 80. Rxg1 Rxg1 0-1


[Site "https://www.chess.com"]

[Event "Titled Tuesday Blitz June 28 Early 2022"]
[White "Mitrabha, Guha"]
[Black "Popilski, Gil"]
[WhiteFideId "5057000"]
[BlackFideId "2809060"]
[WhiteElo "2499"]
[BlackElo "2537"]
[Result "0-1"]
[Round "02"]
[TimeControl "180+1"]
[Date "2022.06.28"]
[WhiteClock "0:01:22"]
[BlackClock "0:00:28"]

1. Nf3 g6 2. d4 Nf6 3. g3 Bg7 4. Bg2 O-O 5. O-O d5 6. c4 c6 7. Qb3 Qb6 8. Nc3 Rd8 9. cxd5 Qxb3 10. axb3 Nxd5 11. e4 Nb4 12. Ra4 N8a6 13. Be3 Be6 14. Rc1 Bxb3 15. Ra3 Be6 16. Bf1 Nc7 17. Na4 Nb5 18. Bxb5 cxb5 19. Nc5 Bg4 20. Nxb7 Rdb8 21. Nc5 Bxf3 22. Bf4 e5 23. dxe5 Bg4 24. e6 Bxb2 25. exf7+ Kxf7 26. Bxb8 Bxa3 27. Ra1 Nc2 28. Ra2 Rxb8 29. Rxc2 Rc8 0-1


[Site "https://www.chess.com"]

[Event "Titled Tuesday Blitz June 28 Early 2022"]
[White "Mitrovic, Darko R"]
[Black "Namitbir Singh Walia"]
[WhiteFideId "927023"]
[BlackFideId "35071068"]
[WhiteElo "2150"]
[BlackElo "1565"]
[Result "1-0"]
[Round "02"]
[TimeControl "180+1"]
[Date "2022.06.28"]
[WhiteClock "0:00:20"]
[BlackClock "0:01:17"]

1. d4 f5 2. c4 Nf6 3. Nf3 d6 4. g3 e6 5. Bg2 Be7 6. O-O O-O 7. b3 a5 8. Nc3 Ne4 9. Qc2 Nxc3 10. Qxc3 Nc6 11. Bb2 Bf6 12. a3 Qe8 13. b4 axb4 14. axb4 Rxa1 15. Rxa1 e5 16. dxe5 dxe5 17. Nd2 e4 18. Qb3 e3 19. Bxf6 exf2+ 20. Kxf2 Rxf6 21. c5+ Be6 22. Bd5 Bxd5 23. Qxd5+ Kh8 24. Nf3 Re6 25. b5 Rxe2+ 26. Kf1 Nb4 27. Qxb7 h6 28. Ra8 1-0


[Site "https://www.chess.com"]

[Event "Titled Tuesday Blitz June 28 Early 2022"]
[White "Mogirzan, Matei-Valeriu"]
[Black "Ozates, Tuna"]
[WhiteFideId "1257455"]
[BlackFideId "6354521"]
[WhiteElo "1733"]
[BlackElo "1887"]
[Result "1-0"]
[Round "02"]
[TimeControl "180+1"]
[Date "2022.06.28"]
[WhiteClock "0:00:50"]
[BlackClock "0:01:07"]

1. e4 Nf6 2. e5 Nd5 3. c4 Nb6 4. c5 Nd5 5. Nc3 e6 6. Nf3 Bxc5 7. d4 Bb4 8. Bd2 Nxc3 9. bxc3 Be7 10. Bd3 O-O 11. h4 h6 12. Bb1 f5 13. exf6 Bxf6 14. Ng5 Nc6 15. Qc2 Bxg5 16. Qh7+ Kf7 17. hxg5 hxg5 18. Qg6+ Ke7 19. Bxg5+ Rf6 20. Qxg7+ Kd6 21. Bxf6 Qe8 22. Qg3+ Kd5 23. Qf3+ Kc4 24. Bd3+ Kxc3 25. Rc1+ Kb4 26. Rb1+ Ka5 27. Rb5+ Ka6 28. Rb3+ Ka5 29. O-O a6 30. Rfb1 b5 31. Bxb5 d5 32. Ra3+ Kb6 33. Bxa6+ Ka7 34. Bb7+ 1-0


[Site "https://www.chess.com"]

[Event "Titled Tuesday Blitz June 28 Early 2022"]
[White "Mosutha, Thuso"]
[Black "Sadykov, Ramil"]
[WhiteFideId "11302550"]
[BlackFideId "24113590"]
[WhiteElo "2028"]
[BlackElo "2226"]
[Result "0-1"]
[Round "02"]
[TimeControl "180+1"]
[Date "2022.06.28"]
[WhiteClock "0:00:02"]
[BlackClock "0:00:03"]

1. d4 Nf6 2. c4 g6 3. Nf3 Bg7 4. g3 O-O 5. Bg2 d5 6. O-O dxc4 7. Nc3 c5 8. dxc5 Qc7 9. Be3 Rd8 10. Qa4 Ng4 11. Nb5 Qd7 12. Rfd1 Qe8 13. Rxd8 Qxd8 14. Rd1 Qe8 15. Qxc4 Be6 16. Qd3 Nxe3 17. Nc7 Qc8 18. Qd8+ Bf8 19. Qxc8 Bxc8 20. Rd8 Nc6 21. Rxf8+ Kxf8 22. Nxa8 Nxg2 23. Kxg2 e5 24. Nc7 f6 25. a3 e4 26. Nd2 f5 27. Nc4 Ke7 28. Nd6 Bd7 29. Nxb7 Nd4 30. Nd5+ Ke6 31. Nf4+ Ke5 32. Nd6 g5 33. Nc4+ Kf6 34. Nd5+ Ke6 35. Nc7+ Ke7 36. e3 Nb3 37. Nd5+ Ke6 38. Nb4 Nxc5 39. Nc2 Kd5 40. Nd2 Nd3 41. f3 exf3+ 42. Kxf3 Nxb2 43. Nb4+ Ke5 44. e4 a5 45. Na6 Bc6 46. Nc5 fxe4+ 47. Ndxe4 Kd4 48. Ne6+ Ke5 49. Nc5 Bd5 50. Ke3 Nc4+ 51. Kd3 Nb2+ 52. Ke3 g4 0-1


[Site "https://www.chess.com"]

[Event "Titled Tuesday Blitz June 28 Early 2022"]
[White "Moussard, Jules"]
[Black "Vlassov, Nikolai"]
[WhiteFideId "642908"]
[BlackFideId "4103360"]
[WhiteElo "2589"]
[BlackElo "2407"]
[Result "1-0"]
[Round "02"]
[TimeControl "180+1"]
[Date "2022.06.28"]
[WhiteClock "0:00:55"]
[BlackClock "0:00:01"]

1. f4 g6 2. e4 Bg7 3. Nf3 d5 4. d3 dxe4 5. dxe4 Qxd1+ 6. Kxd1 Nc6 7. c3 Bg4 8. Kc2 O-O-O 9. Be3 e5 10. Nbd2 f5 11. h3 exf4 12. Bxf4 Bxf3 13. gxf3 fxe4 14. fxe4 Nf6 15. Bb5 Rhe8 16. Rae1 Nh5 17. Bg5 Rd6 18. Rhf1 Bf6 19. Bxf6 Nxf6 20. e5 Rxe5 21. Nc4 Rxe1 22. Nxd6+ cxd6 23. Rxe1 Ne5 24. Rf1 Nd5 25. Rf8+ Kc7 26. Be2 g5 27. Rg8 Nf4 28. Bg4 h5 29. Bf5 Nf3 30. Be4 Ng1 31. Rxg5 Ngxh3 32. Rg7+ Kb6 33. b4 d5 34. Bf3 a5 35. a3 axb4 36. axb4 d4 37. Rxb7+ Ka6 38. Kb3 dxc3 39. Ka3 Ng5 40. Bc6 1-0


[Site "https://www.chess.com"]

[Event "Titled Tuesday Blitz June 28 Early 2022"]
[White "Mrudul Dehankar"]
[Black "Harvey, Marcus R"]
[WhiteFideId "25096990"]
[BlackFideId "400092"]
[WhiteElo "1766"]
[BlackElo "2485"]
[Result "0-1"]
[Round "02"]
[TimeControl "180+1"]
[Date "2022.06.28"]
[WhiteClock "0:00:01"]
[BlackClock "0:00:37"]

1. e4 c5 2. Nf3 d6 3. d4 cxd4 4. Nxd4 Nf6 5. Nc3 a6 6. Bg5 e6 7. f4 Be7 8. Qf3 Qc7 9. O-O-O Nbd7 10. g4 h6 11. Bh4 g5 12. e5 dxe5 13. fxg5 hxg5 14. Bg3 Nf8 15. Qe2 Ng6 16. Nf3 Nxg4 17. h3 Bd7 18. Bg2 Nf6 19. Nxe5 Nxe5 20. Bxe5 Qb6 21. Rhf1 Rh6 22. Qd2 O-O-O 23. Ne4 Bc6 24. Qc3 Nd5 25. Qa3 Bxa3 0-1


[Site "https://www.chess.com"]

[Event "Titled Tuesday Blitz June 28 Early 2022"]
[White "Nakamura, Hikaru"]
[Black "Yaksin, Oleg"]
[WhiteFideId "2016192"]
[BlackFideId "24105880"]
[WhiteElo "2850"]
[BlackElo "2256"]
[Result "1-0"]
[Round "02"]
[TimeControl "180+1"]
[Date "2022.06.28"]
[WhiteClock "0:02:27"]
[BlackClock "0:01:43"]

1. Nf3 d5 2. b3 Nf6 3. Bb2 c6 4. e3 Bf5 5. g3 e6 6. Bg2 h6 7. O-O Be7 8. d3 O-O 9. Nbd2 Nbd7 10. Qe2 Bh7 11. e4 c5 12. Rfe1 b5 13. Ne5 Nxe5 14. Bxe5 dxe4 15. dxe4 Nd7 16. Bb2 e5 17. Qxb5 Qc7 18. Qe2 Rad8 19. Nc4 Bf6 20. Ne3 Nb6 21. a4 a5 22. Bc3 Ra8 23. Qb5 Rfb8 24. Bxa5 Qd6 25. Bxb6 Rxb6 26. Qe2 Rb4 27. Nd5 Rb7 28. Rad1 Bd8 29. Rd3 c4 30. bxc4 Rxa4 31. Nc3 1-0


[Site "https://www.chess.com"]